 Dungeon Crawl Stone Soup version 0.17.0-27-g4a3f43e (webtiles) character file.

333 oplop the Changer (level 6, 0/27 HPs)
             Began as a Felid Transmuter on Nov 21, 2015.
             Slain by a black bear (5 damage)
             ... on level 4 of the Dungeon.
             The game lasted 00:08:54 (5040 turns).

oplop the Changer (Felid Transmuter)                Turns: 5040, Time: 00:08:54

Health: 0/27       AC:  2    Str:  8    XL:     6   Next: 27%
Magic:  7/11       EV: 23    Int: 15    God:
Gold:   155        SH:  0    Dex: 21    Spells: 3 memorised, 5 levels left
                                        Lives:  0   Deaths: 1

rFire  . . .     SeeInvis +       - Unarmed
rCold  . . .     Clarity  .     (armour unavailable)
rNeg   . . .     SustAt   .     (shield unavailable)
rPois  x         Gourm    .     (helmet unavailable)
rElec  .         Spirit   .     (cloak unavailable)
rCorr  .         Warding  .     (gloves unavailable)
rMut   .         Stasis   .     (boots unavailable)
MR     +....                    (no amulet)
Stlth  ++........               (no ring)
                                e - ring of protection from magic

@: spider-form, somewhat resistant to hostile enchantments, unstealthy
A: no armour, no weapons or thrown items, (claws 0), (fangs 0), see invisible,
carnivore 3, (speed 0), (shaggy fur 0), slow metabolism 1, (sharp paws)
a: End Transformation


You were on level 4 of the Dungeon.
You were completely stuffed.
You were a venomous arachnid creature.
You visited 1 branch of the dungeon, and saw 5 of its levels.

You collected 155 gold pieces.

Inventory:

Missiles
 a - 53 arrows
Jewellery
 e - a ring of protection from magic (left front leg)
 w - an uncursed ring of sustain attributes {unknown}
Wands
 s - a wand of random effects (8)
Scrolls
 d - 6 scrolls of remove curse {unknown}
 f - a scroll of identify {unknown}
 h - 2 scrolls of amnesia {unknown}
 i - a scroll of teleportation {unknown}
 k - a scroll of magic mapping {unknown}
 l - 2 scrolls of immolation {unknown}
 p - a scroll of enchant armour {unknown}
 t - 3 scrolls of fog {unknown}
 v - a scroll of noise {unknown}
Potions
 g - a potion of cancellation {unknown}
 j - a potion of heal wounds {unknown}
 m - a potion of brilliance {unknown}
 n - 2 potions of curing {unknown}
 o - 2 potions of agility {unknown}
 q - 2 potions of poison {unknown}
 u - a potion of mutation {unknown}
Books
 b - a book of Changes

   Spells                             Type                      Level
   a - Beastly Appendage              Transmutation                1
   b - Sticks to Snakes               Transmutation                2
   c - Spider Form                    Transmutation/Poison         3
   d - Ice Form                       Ice/Transmutation            4
   e - Blade Hands                    Transmutation                5
Comestibles
 c - 4 meat rations
 r - a beef jerky
 x - a chunk of flesh


   Skills:
 + Level 2.7 Fighting
 + Level 4.2 Dodging
 + Level 3.8 Unarmed Combat
 + Level 3.2 Spellcasting
 * Level 4.5 Transmutations
 - Level 2.0 Poison Magic


You had 5 spell levels left.
You knew the following spells:

 Your Spells              Type           Power        Failure   Level  Hunger
a - Beastly Appendage     Trmt           ###...       12%         1    #......
b - Sticks to Snakes      Trmt           ###.......   17%         2    ##.....
c - Spider Form           Trmt/Pois      ##........   36%         3    ###....


Dungeon Overview and Level Annotations

Branches:
Dungeon (5/15)
 Temple: D:4-7

Altars:

Shops:
D:4 }

Annotations:
D:2 Natasha
D:5 Edmund, Grinder


Innate Abilities, Weirdness & Mutations

You cannot wear armour.
You are incapable of wielding weapons or throwing items.
((You have sharp claws.))
((You have razor-sharp teeth.))
You have supernaturally acute eyesight.
You are carnivorous and can eat meat at any time.
((You cover ground quickly.))
((You are covered in thick fur (AC +2).))
You have a slow metabolism.
((Your sharp claws are effective at attacking unaware monsters.))


Message History

Unknown command.
Unknown command.
You start resting.
Casting: Sticks to Snakes
Confirm with . or Enter, or press ? or * to list all spells.
You turn into a venomous arachnid creature.
The black bear goes berserk!
The black bear barely misses you. x2
The black bear completely misses you.
You hit the black bear but do no damage.
The black bear is almost dead.
The black bear barely misses you. The black bear completely misses you.
The black bear claws you.
* * * LOW HITPOINT WARNING * * *
You hit the black bear.
The black bear is poisoned.
The black bear is almost dead.
The black bear closely misses you. The black bear completely misses you.
The black bear completely misses you. The black bear misses you.
The black bear claws you.
You die...

#.#.# #.#.# #.#
#.#.# #.#.# #.#
#.#.# #.#.# #.#
#.# #.#.# #.# #.#
#.#.# #.# #.#
#.#.# #.# #.#
#h#.# #.# #.#
#.#.# #.# #s#
#.#.# #.# #h#
#.#.# #.#
#.#####.#.######.#
#.......#........#
#.##############.#
### ###


You could see a black bear (berserk).

Vanquished Creatures
  Duvessa (D:4)
  An ogre (D:4)
  2 worker ants (D:4)
  A hound skeleton (D:4)
  2 gnolls
  2 adders
  2 oozes (D:3)
  A worm (D:3)
  3 giant geckos
  7 orcs
  A giant cockroach (D:3)
  8 hobgoblins
  4 jackals
  2 quokkas (D:3)
  7 bats
  6 giant newts
  14 goblins
  10 kobolds
  10 rats
84 creatures vanquished.

Vanquished Creatures (collateral kills)
  Dowan (D:4)
  A hound (D:4)
  2 gnolls (D:4)
  An adder (D:3)
  3 orcs (D:4)
  A kobold (D:3)
  A goblin (D:4)
10 creatures vanquished.

Grand Total: 94 creatures vanquished

Notes
Turn   | Place    | Note
--------------------------------------------------------------
     0 | D:1      | oplop the Felid Transmuter began the quest for the Orb.
     0 | D:1      | Reached XP level 1. HP: 9/9 MP: 4/4
   174 | D:1      | Reached XP level 2. HP: 9/12 MP: 4/6
   524 | D:1      | Reached XP level 3. HP: 3/15 MP: 5/7
   767 | D:1      | Learned a level 2 spell: Sticks to Snakes
   771 | D:1      | Learned a level 3 spell: Spider Form
  1372 | D:2      | Reached skill level 1 in Poison Magic
  1682 | D:2      | Noticed Natasha
  1944 | D:3      | Reached XP level 4. HP: 14/19 MP: 6/8
  3209 | D:4      | Reached XP level 5. HP: 8/22 MP: 2/10
  3305 | D:4      | Noticed Dowan
  3307 | D:4      | Noticed Duvessa
  4174 | D:4      | Slain by Duvessa
  4175 | D:4      | Reached XP level 4. HP: 0/19 MP: 4/9
  4205 | D:5      | Entered Level 5 of the Dungeon
  4230 | D:5      | Noticed Grinder
  4380 | D:5      | Noticed Edmund
  4475 | D:4      | Noticed an ogre
  4516 | D:4      | Killed an ogre
  4516 | D:4      | Reached skill level 4 in Transmutations
  4516 | D:4      | Reached XP level 5. HP: 21/23 MP: 0/10
  4632 | D:4      | Found Cyxyzuri's Gadget Shop.
  4695 | D:4      | Killed Dowan
  4893 | D:4      | Killed Duvessa
  4893 | D:4      | Gained mutation: You are covered in thick fur (AC +2). [Felid growth]
  4893 | D:4      | Reached XP level 6. HP: 17/27 MP: 8/11
  4998 | D:4      | Noticed a black bear
  5040 | D:4      | Slain by a black bear

Action                   |  1- 3 |  4- 6 || total
-------------------------+-------+-------++-------
Melee: Unarmed           |   110 |   129 ||   239
 Cast: Beastly Appendage |    32 |    25 ||    57
       Sticks to Snakes  |     2 |    30 ||    32
       Spider Form       |       |     5 ||     5
 Stab: Sleeping          |     4 |     1 ||     5
       Distracted        |       |     2 ||     2
  Eat: Chunk             |     2 |    13 ||    15
